 Dungeon Crawl Stone Soup version 0.20-a0-927-g1ae2c61 (webtiles) character file.

5 4thArraOfDagon the Vexing (level 1, 0/17 HPs)
             Began as a Mummy Wanderer on Mar 29, 2017.
             Slain by a quokka (3 damage)
             ... on level 2 of the Dungeon.
             The game lasted 00:01:06 (441 turns).

4thArraOfDagon the Vexing (Mummy Wanderer)           Turns: 441, Time: 00:01:06

Health: 0/17       AC:  2    Str: 16    XL:     1   Next: 66%
Magic:  4/4        EV: 11    Int:  9    God:
Gold:   29         SH:  0    Dex: 12    Spells: 5/5 levels left

rFire    x . .     SeeInvis .   e - +0 club
rCold    + . .     Gourm    .   (no shield)
rNeg     + + +     Faith    .   d - +0 robe
rPois    ∞         Spirit   .   (no helmet)
rElec    .         Reflect  .   (no cloak)
rCorr    .         Harm     +   (no gloves)
MR       .....                  (no boots)
Stlth    +.........             f - amulet of harm
Regen    0.1/turn               (no ring)
MPRegen  0.1/turn               (no ring)

@: about to teleport
A: no food or potions, fire vulnerability, cold resistance 1, negative energy
resistance 3, torment resistance, unbreathing
a: no special abilities


You were on level 2 of the Dungeon.
You were not hungry.

You visited 1 branch of the dungeon, and saw 2 of its levels.

You collected 29 gold pieces.

Inventory:

Hand Weapons
 e - a +0 club (weapon)
 g - a +0 hand crossbow
Armour
 d - a +0 robe (worn)
Jewellery
 f - an amulet of harm (around neck)
Scrolls
 h - a scroll of magic mapping {unknown}
Books
 a - a book of Maledictions

   Spells                             Type                      Level
   a - Corona                         Hexes                        1
   b - Ensorcelled Hibernation        Hexes/Ice                    2
   c - Confuse                        Hexes                        3
   d - Tukima's Dance                 Hexes                        3
   e - Dazzling Spray                 Conjuration/Hexes            3
 b - the Tome of Aid

   Spells                             Type                      Level
   a - Shroud of Golubria             Charms/Translocation         2
   b - Swiftness                      Charms/Air                   2


   Skills:
 * Level 2.5 Fighting
 - Level 1.0 Armour
   Level 1.0 Shields
 - Level 2.6 Spellcasting
   Level 2.6 Hexes
   Level 1.0 Evocations


You had 5 spell levels left.
You didn't know any spells.

Dungeon Overview and Level Annotations

Branches:
Dungeon (2/15)

Altars:


Innate Abilities, Weirdness & Mutations

You do not eat or drink.
Your flesh is vulnerable to fire.
You are immune to poison.
Your flesh is cold resistant. (rC+)
You are immune to negative energy. (rN+++)
You are immune to unholy pain and torment.
You can survive without breathing.


Message History

g - a hand crossbow
Found a scroll labeled JAXIWNUCEEDGH.
You closely miss the kobold. The kobold hits you with a dagger.
The kobold hits you but does no damage.
You see here a scroll labeled JAXIWNUCEEDGH.
h - a scroll labeled JAXIWNUCEEDGH The kobold barely misses you.
The frilled lizard barely misses you. The kobold barely misses you.
The kobold hits you with a dagger. The quokka bites you.
The frilled lizard bites you. The quokka barely misses you.
The quokka bites you.
* * * LOW HITPOINT WARNING * * *
Found 2 throwing nets.
You barely miss the quokka.
The quokka bites you but does no damage.
Unknown command.
As you read the scroll of teleportation, it crumbles to dust.
You feel strangely unstable. The quokka bites you.
You die...

#....g# #...K.##
#.....K#
##.###g# #...K.#
#...### #.gl#
#.#r# ...#@#
.....#........
.......##.#.....
...###. .# ....
### .. .. ..( ..
... .. ... .
...#


You could see a quokka, a goblin, a kobold and a frilled lizard.

Vanquished Creatures
  A leopard gecko (D:1)
  A giant cockroach (D:2)
  2 frilled lizards
  A rat (D:1)
5 creatures vanquished.

Notes
Turn   | Place    | Note
-------+----------+-------------------------------------------
     0 | D:1      | 4thArraOfDagon the Mummy Wanderer began the quest for the Orb.
     0 | D:1      | 4thArraOfDagon set off with: a book of Maledictions, the Tome of Aid, a scroll of teleportation, a +0 robe, a +0 club
     0 | D:1      | Reached XP level 1. HP: 16/16 MP: 4/4
     0 | D:1      | Identified the Tome of Aid
   441 | D:2      | Slain by a quokka

Vault maps used:
D:1:      minmay_arrival_widening_spiral_narrow, serial_forest,
          infiniplex_forest_clump_cross, infiniplex_forest_lined_2,
          infiniplex_forest_clump_double, infiniplex_forest_straight_2,
          infiniplex_forest_lined_corner, infiniplex_forest_clump_cross
D:2:      tso_altar, uniq_jessica

Action                   || total
-------------------------++-------
Melee: Club              ||    16
  Use: Scroll            ||     1
Armor: Robe              ||     5
Dodge: Dodged            ||    16
